PA
HAMMOND HERONS @ ATHLETIC CLUB KC U-21
07/20/2022
 
TOP OF THE 1ST
Hammond Herons batting - Pitching for Athletic Club KC U-21 : RHP Haden Pittman
Pitching: RHP Haden Pittman
Batting: LHB Juan Villanueva 0-0: DOUBLE (Line Drive, 89S)
Batting: RHB Sancho Romero 0-0: Fly out, F8 (Flyball, 8LM)
Batting: RHB Scott Zijm 0-0: Fly out, F4 (Popup, 34)
Batting: RHB Jorge Baker 0-0: Ball
1-0: Swinging Strike
1-1: SINGLE (Groundball, 4MD)
Juan Villanueva to third
Runner from 3rd tries for Home, SAFE, no throw or cutoff
Batting: RHB Jimmy Dawson 0-0: Ball
1-0: Called Strike
1-1: Foul Ball, location: 2F
1-2: Fly out, F6 (Popup, 6M)
Top of the 1st over - 1 run(s), 2 hit(s), 0 error(s), 1 left on base; Hammond 1 - Athletic Club KC 0
BOTTOM OF THE 1ST
Athletic Club KC U-21 batting - Pitching for Hammond Herons : RHP Jorge Vázquez
Pitching: RHP Jorge Vázquez
Batting: RHB Aurelio Álvarez 0-0: Called Strike
0-1: Ground out 6-3 (Groundball, 6M)
Batting: SHB Brent Adams 0-0: Ball
1-0: Called Strike
1-1: DOUBLE (Flyball, 89M)
Batting: RHB Geoff Rivers 0-0: Ball
1-0: Ball
2-0: Foul Ball, location: 2F
2-1: Ball
3-1: Called Strike
3-2: Foul Ball, location: 2F
3-2: SINGLE (Groundball, 6MD)
Brent Adams to third
Runner from 3rd tries for Home, SAFE, throw made home
Batting: LHB Domingo Gutiérrez 0-0: Foul Ball, location: 2F
0-1: Ball
1-1: Foul Ball, location: 2F
1-2: Ball
2-2: Strikes out looking
Batting: RHB José Flores 0-0: Ball
1-0: Ball
2-0: SINGLE (Groundball, 56)
Geoff Rivers to second
Batting: LHB Naohiro Sakai 0-0: Swinging Strike
0-1: Ball
1-1: Ball
Wild Pitch!
Geoff Rivers to third
José Flores to second
2-1: Ball
3-1: Fly out, F8 (Line Drive, 8RM)
Bottom of the 1st over - 1 run(s), 3 hit(s), 0 error(s), 2 left on base; Hammond 1 - Athletic Club KC 1
TOP OF THE 2ND
Hammond Herons batting - Pitching for Athletic Club KC U-21 : RHP Haden Pittman
Batting: RHB José Trombelli 0-0: Called Strike
0-1: Ball
1-1: Ground out 6-3 (Groundball, 6M)
Batting: RHB Joel Galindo 0-0: Swinging Strike
0-1: Foul Ball, location: 2F
0-2: Foul Ball, location: 2F
0-2: Ball
1-2: SINGLE (Line Drive, 34)
Batting: RHB Brian Soto 0-0: Swinging Strike
0-1: Foul Ball, location: 2F
0-2: Ball
1-2: Foul Ball, location: 2F
1-2: Grounds into double play, 6-4-3 (Groundball, 6)
Top of the 2nd over - 0 run(s), 1 hit(s), 0 error(s), 0 left on base; Hammond 1 - Athletic Club KC 1
BOTTOM OF THE 2ND
Athletic Club KC U-21 batting - Pitching for Hammond Herons : RHP Jorge Vázquez
Batting: RHB António Núñez 0-0: Called Strike
0-1: Ground out 6-3 (Groundball, 6)
Batting: RHB Iván Chacón 0-0: Ball
1-0: Foul Ball, location: 2F
1-1: Swinging Strike
1-2: Strikes out looking
Batting: RHB Diego Bonilla 0-0: Ground out 4-3 (Groundball, 4)
Bottom of the 2nd over - 0 run(s), 0 hit(s), 0 error(s), 0 left on base; Hammond 1 - Athletic Club KC 1
TOP OF THE 3RD
Hammond Herons batting - Pitching for Athletic Club KC U-21 : RHP Haden Pittman
Batting: RHB Pancho Núñez 0-0: Swinging Strike
0-1: Fly out, F9 (Flyball, 9LM)
Batting: LHB Juan Villanueva 0-0: Foul Ball, location: 2F
0-1: Fly out, F5 (Popup, 5DF)
Batting: RHB Sancho Romero 0-0: Ball
1-0: Foul Ball, location: 2F
1-1: Ball
2-1: Ball
3-1: Called Strike
3-2: Foul Ball, location: 2F
3-2: Foul Ball, location: 2F
3-2: Foul Ball, location: 2F
3-2: Fly out, F8 (Flyball, 8RM)
Top of the 3rd over - 0 run(s), 0 hit(s), 0 error(s), 0 left on base; Hammond 1 - Athletic Club KC 1
BOTTOM OF THE 3RD
Athletic Club KC U-21 batting - Pitching for Hammond Herons : RHP Jorge Vázquez
Batting: RHB Aurelio Álvarez 0-0: Foul Ball, location: 2F
0-1: Foul Ball, location: 2F
0-2: Ball
1-2: Foul Ball, location: 2F
1-2: SINGLE (Flyball, 9LS)
Batting: SHB Brent Adams 0-0: Grounds into double play, 5-4-3 (Groundball, 56)
Batting: RHB Geoff Rivers 0-0: Ball
1-0: Foul Ball, location: 2F
1-1: Ball
2-1: Fly out, F8 (Flyball, 8LM)
Bottom of the 3rd over - 0 run(s), 1 hit(s), 0 error(s), 0 left on base; Hammond 1 - Athletic Club KC 1
TOP OF THE 4TH
Hammond Herons batting - Pitching for Athletic Club KC U-21 : RHP Haden Pittman
Batting: RHB Scott Zijm 0-0: Swinging Strike
0-1: TRIPLE (Line Drive, 3L)
Batting: RHB Jorge Baker 0-0: Foul Ball, location: 2F
0-1: Foul Ball, location: 2F
0-2: Foul Ball, location: 2F
0-2: Ground out 5-3 (Groundball, 56)
Scott Zijm scores
Batting: RHB Jimmy Dawson 0-0: Ball
1-0: Ball
2-0: Foul Ball, location: 2F
2-1: Called Strike
2-2: Strikes out swinging
Batting: RHB José Trombelli 0-0: Ball
1-0: Ball
2-0: Ground out 6-3 (Groundball, 6S)
Top of the 4th over - 1 run(s), 1 hit(s), 0 error(s), 0 left on base; Hammond 2 - Athletic Club KC 1
BOTTOM OF THE 4TH
Athletic Club KC U-21 batting - Pitching for Hammond Herons : RHP Jorge Vázquez
Batting: LHB Domingo Gutiérrez 0-0: Ball
1-0: Called Strike
1-1: Ball
2-1: Ball
3-1: Called Strike
3-2: Foul Ball, location: 2F
3-2: Strikes out swinging
Batting: RHB José Flores 0-0: Ball
1-0: Foul Ball, location: 2F
1-1: Ball
2-1: Foul Ball, location: 2F
2-2: Fly out, F9 (Flyball, 89M)
Batting: LHB Naohiro Sakai 0-0: Ball
1-0: Foul Ball, location: 2F
1-1: Swinging Strike
1-2: Ball
2-2: Foul Ball, location: 2F
2-2: Fly out, F8 (Flyball, 8LM)
Bottom of the 4th over - 0 run(s), 0 hit(s), 0 error(s), 0 left on base; Hammond 2 - Athletic Club KC 1
TOP OF THE 5TH
Hammond Herons batting - Pitching for Athletic Club KC U-21 : RHP Haden Pittman
Batting: RHB Joel Galindo 0-0: Swinging Strike
0-1: Foul Ball, location: 2F
0-2: Ball
1-2: Foul Ball, location: 2F
1-2: Ball
2-2: Strikes out looking
Batting: RHB Brian Soto 0-0: Ball
1-0: Called Strike
1-1: Fly out, F7 (Line Drive, 78M)
Batting: RHB Pancho Núñez 0-0: Called Strike
0-1: Ball
1-1: Swinging Strike
1-2: Foul Ball, location: 2F
1-2: Foul Ball, location: 2F
1-2: Fly out, F8 (Flyball, 8RM)
Top of the 5th over - 0 run(s), 0 hit(s), 0 error(s), 0 left on base; Hammond 2 - Athletic Club KC 1
BOTTOM OF THE 5TH
Athletic Club KC U-21 batting - Pitching for Hammond Herons : RHP Jorge Vázquez
Batting: RHB António Núñez 0-0: Foul Ball, location: 2F
0-1: Ball
1-1: Hit by Pitch
Batting: RHB Iván Chacón 0-0: Bunted foul
0-1: Bunt missed!
0-2: Ball
Wild Pitch!
António Núñez to second
1-2: Ball
2-2: Foul Ball, location: 2F
2-2: Foul Ball, location: 2F
2-2: Foul Ball, location: 2F
2-2: Foul Ball, location: 2F
2-2: Foul Ball, location: 2F
2-2: Strikes out swinging
Batting: RHB Diego Bonilla 0-0: Foul Ball, location: 2F
0-1: Ball
1-1: Swinging Strike
1-2: Ball
2-2: Foul Ball, location: 2F
2-2: Foul Ball, location: 2F
2-2: Hit by Pitch
Batting: RHB Aurelio Álvarez 0-0: Fielders Choice at 3rd, U5 (Groundball, 5L)
Diego Bonilla to second
Batting: SHB Brent Adams 0-0: Ball
1-0: Foul Ball, location: 2F
1-1: Foul Ball, location: 2F
1-2: Fly out, F9 (Line Drive, 9M)
Bottom of the 5th over - 0 run(s), 0 hit(s), 0 error(s), 2 left on base; Hammond 2 - Athletic Club KC 1
TOP OF THE 6TH
Hammond Herons batting - Pitching for Athletic Club KC U-21 : RHP Haden Pittman
Batting: LHB Juan Villanueva 0-0: Called Strike
0-1: Ball
1-1: Ball
2-1: Ball
3-1: Foul Ball, location: 2F
3-2: Foul Ball, location: 2F
3-2: Strikes out swinging
Batting: RHB Sancho Romero 0-0: Swinging Strike
0-1: Swinging Strike
0-2: Ball
1-2: Ball
2-2: Strikes out swinging
Batting: RHB Scott Zijm 0-0: Swinging Strike
0-1: Foul Ball, location: 2F
0-2: Ball
1-2: Ball
2-2: Foul Ball, location: 2F
2-2: Foul Ball, location: 2F
2-2: SINGLE (Flyball, 8RS)
Pitching: LHP David Cahill
Batting: RHB Jorge Baker 0-0: Foul Ball, location: 2F
0-1: Fly out, F9 (Flyball, 8RM)
Top of the 6th over - 0 run(s), 1 hit(s), 0 error(s), 1 left on base; Hammond 2 - Athletic Club KC 1
BOTTOM OF THE 6TH
Athletic Club KC U-21 batting - Pitching for Hammond Herons : RHP Jorge Vázquez
Batting: RHB Geoff Rivers 0-0: Called Strike
0-1: Swinging Strike
0-2: Ball
1-2: Strikes out looking
Batting: LHB Domingo Gutiérrez 0-0: Called Strike
0-1: Foul Ball, location: 2F
0-2: SINGLE (Flyball, 78S)
Batting: RHB José Flores 0-0: Ball
1-0: Foul Ball, location: 2F
1-1: Foul Ball, location: 2F
1-2: Hit by Pitch
Domingo Gutiérrez to second
Batting: LHB Naohiro Sakai 0-0: Fielders Choice at 2nd, 4-6 (Groundball, 34)
Domingo Gutiérrez to third
Batting: RHB António Núñez 0-0: SINGLE (Line Drive, 8LS)
Domingo Gutiérrez scores
Naohiro Sakai to second
Runner from 2nd tries for 3rd, SAFE, no throw or cutoff
Batting: RHB Iván Chacón 0-0: Ball
1-0: Ball
2-0: Called Strike
2-1: Foul Ball, location: 2F
2-2: Fly out, F8 (Flyball, 8RD)
Bottom of the 6th over - 1 run(s), 2 hit(s), 0 error(s), 2 left on base; Hammond 2 - Athletic Club KC 2
TOP OF THE 7TH
Hammond Herons batting - Pitching for Athletic Club KC U-21 : LHP David Cahill
Batting: RHB Jimmy Dawson 0-0: Called Strike
0-1: Ball
1-1: Swinging Strike
1-2: Ball
2-2: Ball
3-2: Strikes out looking
Batting: RHB José Trombelli 0-0: Ball
1-0: Ball
2-0: Ball
3-0: Called Strike
3-1: Base on Balls
Batting: RHB Joel Galindo 0-0: Ball
1-0: Ball
2-0: Called Strike
2-1: Ball
3-1: Base on Balls
José Trombelli to second
Batting: RHB Brian Soto 0-0: SINGLE (Line Drive, 6D)
José Trombelli to third
Joel Galindo to second
Runner from 3rd tries for Home, SAFE, no throw or cutoff
Pinch Hitting: RHB Jim Unknown 0-0: Ball
1-0: Ball
2-0: Called Strike
2-1: Ground out 5-3 (Groundball, 6)
Joel Galindo to third
Brian Soto to second
Batting: LHB Juan Villanueva 0-0: Called Strike
0-1: Called Strike
0-2: Ball
1-2: Foul Ball, location: 2F
1-2: Foul Ball, location: 2F
1-2: Ball
2-2: Fly out, F8 (Line Drive, 8LM)
Top of the 7th over - 1 run(s), 1 hit(s), 0 error(s), 2 left on base; Hammond 3 - Athletic Club KC 2
BOTTOM OF THE 7TH
Athletic Club KC U-21 batting - Pitching for Hammond Herons : RHP Jorge Vázquez
Now in RF: Jim Unknown
Batting: RHB Diego Bonilla 0-0: Foul Ball, location: 2F
0-1: Called Strike
0-2: Ball
1-2: Ball
2-2: Ball
3-2: Strikes out swinging
Batting: RHB Aurelio Álvarez 0-0: Fly out, F7 (Line Drive, 7M)
Batting: SHB Brent Adams 0-0: Ground out 5-3 (Groundball, 56)
Bottom of the 7th over - 0 run(s), 0 hit(s), 0 error(s), 0 left on base; Hammond 3 - Athletic Club KC 2
TOP OF THE 8TH
Hammond Herons batting - Pitching for Athletic Club KC U-21 : LHP David Cahill
Batting: RHB Sancho Romero 0-0: Ball
1-0: Called Strike
1-1: Ball
2-1: Called Strike
2-2: Strikes out swinging
Batting: RHB Scott Zijm 0-0: Called Strike
0-1: Ball
1-1: Ball
2-1: Ball
3-1: Foul Ball, location: 2F
3-2: Base on Balls
Batting: RHB Jorge Baker 0-0: Grounds into double play, 6-4-3 (Groundball, 6)
Top of the 8th over - 0 run(s), 0 hit(s), 0 error(s), 0 left on base; Hammond 3 - Athletic Club KC 2
BOTTOM OF THE 8TH
Athletic Club KC U-21 batting - Pitching for Hammond Herons : RHP Jorge Vázquez
Batting: RHB Geoff Rivers 0-0: Called Strike
0-1: Foul Ball, location: 2F
0-2: Foul Ball, location: 2F
0-2: Ball
1-2: Ground out 1-3 (Groundball, 13S)
Batting: LHB Domingo Gutiérrez 0-0: Called Strike
0-1: Foul Ball, location: 2F
0-2: Foul Ball, location: 2F
0-2: Fly out, F8 (Flyball, 8LS)
Batting: RHB José Flores 0-0: Ball
1-0: Ball
2-0: Foul Ball, location: 2F
2-1: Called Strike
2-2: Strikes out swinging
Bottom of the 8th over - 0 run(s), 0 hit(s), 0 error(s), 0 left on base; Hammond 3 - Athletic Club KC 2
TOP OF THE 9TH
Hammond Herons batting - Pitching for Athletic Club KC U-21 : LHP David Cahill
Batting: RHB Jimmy Dawson 0-0: Ball
1-0: Ball
2-0: Called Strike
2-1: Ball
3-1: Base on Balls
Batting: RHB José Trombelli 0-0: Ball
1-0: Swinging Strike
1-1: Ball
2-1: Bunted foul
2-2: Ball
3-2: Foul Ball, location: 2F
3-2: Foul Ball, location: 2F
3-2: Foul Ball, location: 2F
3-2: Fly out, F5 (Popup, 5F)
Pitching: RHP Roland Allen
Pinch Hitting: RHB António Guzmán 0-0: Ball
1-0: SINGLE (Groundball, 13) (infield hit)
Jimmy Dawson to second
Batting: RHB Brian Soto 0-0: Ball
1-0: Foul Ball, location: 2F
1-1: Foul Ball, location: 2F
1-2: Hit by Pitch
Jimmy Dawson to third
António Guzmán to second
Pinch Runner at 1st Will Boyle:
Batting: RHB Jim Unknown 0-0: Called Strike
0-1: Foul Ball, location: 2F
0-2: Foul Ball, location: 2F
0-2: Ball
1-2: Foul Ball, location: 2F
1-2: Ball
2-2: Ball
3-2: Foul Ball, location: 2F
3-2: Fly out, F5 (Line Drive, 56)
3-2: Lined into DP, 5-4 (Line Drive, 56)
Top of the 9th over - 0 run(s), 1 hit(s), 0 error(s), 2 left on base; Hammond 3 - Athletic Club KC 2
BOTTOM OF THE 9TH
Athletic Club KC U-21 batting - Pitching for Hammond Herons : RHP Jorge Vázquez
Pitching: RHP Arno Wilmetz
Now at C: António Guzmán
Now in CF: Will Boyle
Batting: LHB Naohiro Sakai 0-0: Foul Ball, location: 2F
0-1: Swinging Strike
0-2: Ball
1-2: Strikes out looking
Pinch Hitting: LHB Michael Landry 0-0: Ball
1-0: Called Strike
1-1: Ball
2-1: Swinging Strike
2-2: Fly out, F8 (Line Drive, 8LM)
Batting: RHB Iván Chacón 0-0: Ball
1-0: Ball
2-0: Fly out, F9 (Flyball, 9LS)
Bottom of the 9th over - 0 run(s), 0 hit(s), 0 error(s), 0 left on base; Hammond 3 - Athletic Club KC 2
This league is powered by Out of the Park Baseball, the baseball management simulation game for PC, Mac and Linux
Friday, April 15th, 2016 - OOTP Baseball 16.9 Build 39